[Event "Titled Tuesday Blitz April 05 Late 2022"]
[White "Kujawski, Adam"]
[Black "Agasarov, Benik"]
[WhiteFideId "1100920"]
[BlackFideId "13314823"]
[WhiteElo "2330"]
[BlackElo "2531"]
[Result "1-0"]
[Round "04"]
[TimeControl "180+1"]
[Date "2022.04.06"]
[WhiteClock "0:00:06"]
[BlackClock "0:00:38"]

1. e4 e5 2. Nf3 Nc6 3. Bb5 Nge7 4. c3 g6 5. d4 Bg7 6. d5 Nb8 7. d6 cxd6 8. O-O Qb6 9. Na3 a6 10. Nc4 Qc7 11. Nxd6+ Kf8 12. Bc4 b5 13. Bxf7 Bb7 14. Bb3 Nbc6 15. Ng5 Bf6 16. Ngf7 g5 17. Nxh8 Nd4 18. Nxb7 Nxb3 19. Bxg5 Bxh8 20. Bh6+ Bg7 21. Bxg7+ Kxg7 22. Qg4+ Ng6 23. axb3 Qxb7 24. Rad1 Rd8 25. Rd6 Kh8 26. Rfd1 Rf8 27. Rxd7 Qb6 28. R1d2 Qa5 29. h3 Qa1+ 30. Kh2 Rg8 31. Qh5 Rg7 32. Rxg7 Kxg7 33. Rd7+ Kf6 34. Qf5# 1-0


[Site "https://www.chess.com"]

[Event "Titled Tuesday Blitz April 05 Late 2022"]
[White "Lashkin, Jegor"]
[Black "Saldano Dayer, Horacio"]
[WhiteFideId "13907808"]
[BlackFideId "103411"]
[WhiteElo "2368"]
[BlackElo "2419"]
[Result "1-0"]
[Round "04"]
[TimeControl "180+1"]
[Date "2022.04.05"]
[WhiteClock "0:00:08"]
[BlackClock "0:00:06"]

1. d4 d6 2. Nf3 Nf6 3. c4 g6 4. Nc3 Bg7 5. e4 O-O 6. Be2 e5 7. Be3 Nbd7 8. O-O h6 9. dxe5 dxe5 10. h3 Nh5 11. Re1 Nf4 12. Bf1 c6 13. Qd2 Qf6 14. Kh2 Re8 15. Rad1 Nf8 16. Ng1 g5 17. g3 N8e6 18. Nf3 Nxh3 19. Bxh3 Qxf3 20. Bg2 Qh5+ 21. Kg1 Nd4 22. Bxd4 exd4 23. Ne2 Bg4 24. Qd3 Bxe2 25. Rxe2 c5 26. e5 Re7 27. Rde1 Rae8 28. Qf5 Qg6 29. Qxg6 fxg6 30. f4 gxf4 31. gxf4 g5 32. fxg5 hxg5 33. e6 Bf6 34. Bd5 Kg7 35. Kg2 Rh8 36. Kg3 Rh4 37. Re4 Rxe4 38. Rxe4 Re8 39. b3 b6 40. a3 Be7 41. Kg4 Rf8 42. b4 Rf2 43. bxc5 bxc5 44. Re5 d3 45. Re1 d2 46. Rd1 Kf6 47. Bf3 Ke5 48. Kg3 Rxf3+ 49. Kxf3 Kxe6 50. Rxd2 Bf6 51. Rd5 Bd4 52. Kg4 a5 53. a4 Kf6 54. Rf5+ Ke6 55. Rd5 Be5 56. Kf3 Bd6 57. Rxg5 Be5 58. Ke4 Bd4 59. Rg6+ Kd7 60. Kd5 Ke7 61. Ra6 1-0


[Site "https://www.chess.com"]

[Event "Titled Tuesday Blitz April 05 Late 2022"]
[White "Le Goff, Ronan"]
[Black "Sarkar, Justin"]
[WhiteFideId "612073"]
[BlackFideId "2010011"]
[WhiteElo "2527"]
[BlackElo "2311"]
[Result "1/2-1/2"]
[Round "04"]
[TimeControl "180+1"]
[Date "2022.04.06"]
[WhiteClock "0:01:06"]
[BlackClock "0:00:16"]

1. Nf3 d5 2. e3 Nf6 3. c4 e6 4. b3 c5 5. Bb2 Nc6 6. cxd5 Nxd5 7. Bb5 Bd7 8. O-O a6 9. Be2 f6 10. Nc3 Nxc3 11. dxc3 Be7 12. c4 O-O 13. Qc2 Qc7 14. Rad1 Rad8 15. Bd3 f5 16. a3 e5 17. Be2 e4 18. Ne1 Ne5 19. Bxe5 Qxe5 20. g3 Bc6 21. Ng2 g5 22. Rxd8 Rxd8 23. Rd1 Rd6 24. h4 h6 25. Rxd6 Qxd6 26. Qd1 Qxd1+ 27. Bxd1 Bf6 28. hxg5 hxg5 29. Ne1 Kf7 30. g4 Ke6 31. gxf5+ Kxf5 32. Kg2 Bb2 33. a4 Bc3 34. Nc2 b5 35. axb5 axb5 36. cxb5 Bxb5 37. Na3 Bd3 38. Nc4 Bxc4 39. bxc4 Be5 40. Kh3 Bc3 41. Bg4+ Ke5 42. Bh5 Be1 43. Kg2 Kf5 44. Be8 Bd2 45. Bd7+ Ke5 46. Kg3 Be1 47. Bc8 Kf6 48. Bb7 Ke5 49. Kg2 Kf5 50. Kf1 Bc3 51. Ke2 Ke5 52. f3 exf3+ 53. Kxf3 Bd2 54. Bd5 g4+ 55. Kxg4 Bxe3 1/2-1/2


[Site "https://www.chess.com"]

[Event "Titled Tuesday Blitz April 05 Late 2022"]
[White "Leiva, Gianmarco"]
[Black "Galego, Luis"]
[WhiteFideId "3804399"]
[BlackFideId "1900072"]
[WhiteElo "2323"]
[BlackElo "2516"]
[Result "1-0"]
[Round "04"]
[TimeControl "180+1"]
[Date "2022.04.05"]
[WhiteClock "0:00:08"]
[BlackClock "0:00:11"]

1. e4 c5 2. Nf3 d6 3. Bb5+ Nd7 4. c3 a6 5. Ba4 g6 6. O-O Bg7 7. Re1 Nf6 8. d4 O-O 9. e5 Nd5 10. Bb3 N5b6 11. e6 fxe6 12. Ng5 Nf6 13. Bxe6+ Kh8 14. dxc5 Nbd7 15. cxd6 exd6 16. Qxd6 Qa5 17. Nf7+ Kg8 18. Ne5+ Kh8 19. b4 Qb6 20. Nf7+ Kg8 21. Ng5+ Kh8 22. Bf4 h6 23. Nf7+ Kh7 24. Nd2 Nh5 25. Bxd7 Bxd7 26. Qxb6 Nxf4 27. Ne5 Bf5 28. Ndf3 Rac8 29. Qxb7 Rxc3 30. Qxa6 g5 31. h3 Rf6 32. Qa7 Re6 33. Qd4 Rc2 34. Qd5 Ne2+ 35. Rxe2 Rxe2 36. Rb1 Bxe5 37. Nxe5 R2xe5 38. Qb7+ Kg6 39. Rc1 g4 40. hxg4 Bxg4 41. f3 Bf5 42. Qc7 Bd3 43. Rc6 Bb5 44. Rxe6+ Rxe6 45. Qg3+ Kf6 46. Qf4+ Kg6 47. Qg4+ Kf6 48. Qh4+ Kg6 49. Qg3+ Kf6 50. Qf4+ Kg6 51. a3 Rf6 52. Qe4+ Kg7 53. Qb7+ Kg6 54. Qxb5 Rxf3 55. gxf3 h5 56. Qc5 h4 57. b5 h3 58. b6 h2+ 59. Kxh2 1-0


[Site "https://www.chess.com"]

[Event "Titled Tuesday Blitz April 05 Late 2022"]
[White "Levin, Anthony"]
[Black "Gatterer, Florian"]
[WhiteFideId "30940680"]
[BlackFideId "811688"]
[WhiteElo "2025"]
[BlackElo "2218"]
[Result "1/2-1/2"]
[Round "04"]
[TimeControl "180+1"]
[Date "2022.04.06"]
[WhiteClock "0:00:52"]
[BlackClock "0:00:12"]

1. d4 Nf6 2. c4 g6 3. g3 Bg7 4. Bg2 O-O 5. e4 d6 6. Nc3 c5 7. d5 e6 8. Nge2 exd5 9. exd5 Re8 10. O-O Bf5 11. Bf4 Ne4 12. Nxe4 Bxe4 13. Nc3 Bxg2 14. Kxg2 Bxc3 15. bxc3 Qf6 16. Qf3 Nd7 17. Rab1 b6 18. a4 h6 19. h4 Kg7 20. a5 bxa5 21. Ra1 a4 22. Rxa4 Nb6 23. Ra6 Nxc4 24. Qd3 Ne5 25. Bxe5 Rxe5 26. Rfa1 Re7 27. c4 h5 28. Qa3 Rb8 29. Qf3 Qxf3+ 30. Kxf3 Rbb7 31. Rxd6 Rb4 32. Rc1 Re5 33. Rc6 Rf5+ 34. Kg2 Rb2 35. Rf1 Rf6 36. Rxc5 Rc2 37. Rc7 a5 38. c5 a4 39. d6 a3 40. d7 Rd2 1/2-1/2


[Site "https://www.chess.com"]

[Event "Titled Tuesday Blitz April 05 Late 2022"]
[White "Maghsoodloo, Parham"]
[Black "Iskusnyh, Sergei"]
[WhiteFideId "12539929"]
[BlackFideId "4120027"]
[WhiteElo "2630"]
[BlackElo "2492"]
[Result "0-1"]
[Round "04"]
[TimeControl "180+1"]
[Date "2022.04.05"]
[WhiteClock "0:00:01"]
[BlackClock "0:00:04"]

1. d4 d5 2. c4 c6 3. Nf3 Nf6 4. e3 a6 5. Nbd2 Bf5 6. b3 e6 7. Bb2 Nbd7 8. Be2 h6 9. O-O Be7 10. a3 a5 11. c5 b6 12. b4 axb4 13. axb4 O-O 14. Qb3 Qc7 15. Rfc1 bxc5 16. bxc5 Ne4 17. Nxe4 Bxe4 18. Nd2 Bg6 19. Rxa8 Rxa8 20. Ra1 Rxa1+ 21. Bxa1 Bf6 22. f4 Nxc5 23. Qa3 Ne4 24. Nxe4 Bxe4 25. Bc3 c5 26. dxc5 d4 27. Bd2 Qc6 28. Bf1 d3 29. Qa7 g5 30. g3 Kg7 31. Qa5 gxf4 32. gxf4 Qd5 33. Qb4 e5 34. f5 Bf3 35. Kf2 e4 36. Bh3 Qe5 37. Kg1 Qa1+ 38. Be1 Qd1 39. Qd2 Qb1 0-1


[Site "https://www.chess.com"]

[Event "Titled Tuesday Blitz April 05 Late 2022"]
[White "Manelyuk, Daniil"]
[Black "Stoenescu, Radu"]
[WhiteFideId "44173920"]
[BlackFideId "610143"]
[WhiteElo "2209"]
[BlackElo "1943"]
[Result "1-0"]
[Round "04"]
[TimeControl "180+1"]
[Date "2022.04.06"]
[WhiteClock "0:02:24"]
[BlackClock "0:02:14"]

1. e4 c5 2. Nf3 d6 3. d4 Nf6 4. Nc3 cxd4 5. Nxd4 a6 6. f3 e5 7. Nb3 Be6 8. Be3 Be7 9. Qd2 O-O 10. O-O-O a5 11. Bb5 Na6 12. g4 Nc7 13. a4 d5 14. g5 d4 15. gxf6 dxe3 16. Qxe3 1-0


[Site "https://www.chess.com"]

[Event "Titled Tuesday Blitz April 05 Late 2022"]
[White "Mangialardo, Tiago Carvalho"]
[Black "Kaganskiy, Gleb"]
[WhiteFideId "2130718"]
[BlackFideId "4132025"]
[WhiteElo "2053"]
[BlackElo "2165"]
[Result "0-1"]
[Round "04"]
[TimeControl "180+1"]
[Date "2022.04.06"]
[WhiteClock "0:00:01"]
[BlackClock "0:00:51"]

1. e4 d6 2. d4 Nf6 3. Nc3 e5 4. Nf3 Nbd7 5. Be3 Be7 6. Be2 c6 7. Qd2 b5 8. a3 Qc7 9. O-O O-O 10. Rfe1 a5 11. Bd3 Re8 12. Ne2 Bf8 13. Ng3 d5 14. Qc3 b4 15. Qb3 a4 16. Qa2 exd4 17. Bxd4 bxa3 18. bxa3 c5 19. Bxf6 Nxf6 20. exd5 Rxe1+ 21. Rxe1 Bd7 22. Qc4 Rb8 23. Ne5 Bb5 24. Qa2 Bxd3 25. Nxd3 c4 26. Ne5 Nxd5 27. Qxc4 Qxc4 28. Nxc4 Rc8 29. Re4 Nf6 30. Rd4 Bc5 31. Rd3 g6 32. Kf1 Bxf2 33. Nb6 Rxc2 34. Rd8+ Kg7 35. Ne2 Bxb6 36. Rb8 Be3 0-1


[Site "https://www.chess.com"]

[Event "Titled Tuesday Blitz April 05 Late 2022"]
[White "Matlakov, Maxim"]
[Black "Herrera Reyes, Jose Antonio"]
[WhiteFideId "4168003"]
[BlackFideId "2274914"]
[WhiteElo "2669"]
[BlackElo "2361"]
[Result "1-0"]
[Round "04"]
[TimeControl "180+1"]
[Date "2022.04.05"]
[WhiteClock "0:00:20"]
[BlackClock "0:00:05"]

1. e4 c5 2. Nf3 e6 3. Nc3 a6 4. d4 cxd4 5. Nxd4 Qc7 6. Qf3 b6 7. Qg3 d6 8. Be3 Bb7 9. O-O-O Nf6 10. f3 Nbd7 11. Kb1 Rc8 12. h4 h5 13. a3 Ne5 14. Bg5 Be7 15. Be2 b5 16. Rhe1 Qb6 17. Be3 Qa5 18. Nb3 Qc7 19. Bf1 Kf8 20. Qf2 Nfd7 21. Bg5 Nf6 22. Nd4 Rb8 23. Qd2 Nc4 24. Bxc4 bxc4 25. Ka1 Ba8 26. Qe2 Qb6 27. Bc1 d5 28. exd5 Nxd5 29. Qxc4 Bxa3 30. Na4 Qb4 31. Qxb4+ Bxb4 32. c3 Be7 33. g3 g6 34. b3 Kg7 35. Ka2 Bf6 36. Bb2 Rhc8 37. Rd2 Ne7 38. c4 Nc6 39. Nxc6 Bxc6 40. Bxf6+ Kxf6 41. Nc5 a5 42. Ka3 Kg7 43. f4 Rb6 44. Re5 Rcb8 45. Rd3 a4 46. Nxa4 Ra6 47. Rc5 Kf6 48. Re3 Bxa4 49. bxa4 Rba8 50. a5 Rxa5+ 51. Rxa5 Rxa5+ 52. Kb4 Ra1 53. c5 Rb1+ 54. Ka5 Ke7 55. Rd3 f6 56. c6 e5 57. fxe5 fxe5 58. c7 Rc1 59. Kb6 e4 60. Rd8 Rb1+ 61. Ka5 Ra1+ 62. Kb4 Rb1+ 63. Ka3 1-0


[Site "https://www.chess.com"]

[Event "Titled Tuesday Blitz April 05 Late 2022"]
[White "Mekhitarian, Krikor Sevag"]
[Black "Gogolev, Artem"]
[WhiteFideId "2107660"]
[BlackFideId "4116615"]
[WhiteElo "2598"]
[BlackElo "2126"]
[Result "1-0"]
[Round "04"]
[TimeControl "180+1"]
[Date "2022.04.05"]
[WhiteClock "0:00:06"]
[BlackClock "0:00:11"]

1. Nf3 Nf6 2. c4 e6 3. Nc3 d5 4. e3 Be7 5. b3 O-O 6. Bb2 b6 7. cxd5 exd5 8. Rc1 Bb7 9. d4 c5 10. Bd3 Nc6 11. Na4 cxd4 12. Nxd4 Bb4+ 13. Kf1 Rc8 14. g3 Ne5 15. Be2 Rxc1 16. Qxc1 Ne4 17. Kg2 Qd7 18. Bb5 Qg4 19. f3 Nxf3 20. Nxf3 d4 21. Bc6 Bd2 22. Qc4 Rc8 23. Ne5 Qf5 24. Rf1 Qh5 25. Rxf7 Rxc6 26. Nxc6 Qxf7 27. Qxf7+ Kxf7 28. Nd8+ Ke7 29. Nxb7 dxe3 30. Kf3 Ng5+ 31. Ke2 Nh3 32. Bc3 Ng1+ 33. Kd3 Bxc3 34. Nxc3 Kd7 35. Kxe3 Kc7 36. Ne4 Kxb7 37. Kf2 Nh3+ 38. Kg2 1-0


[Site "https://www.chess.com"]

[Event "Titled Tuesday Blitz April 05 Late 2022"]
[White "Mickiewicz, Piotr"]
[Black "Fishbein, Alexander"]
[WhiteFideId "1114891"]
[BlackFideId "2000377"]
[WhiteElo "2483"]
[BlackElo "2668"]
[Result "0-1"]
[Round "04"]
[TimeControl "180+1"]
[Date "2022.04.06"]
[WhiteClock "0:00:02"]
[BlackClock "0:00:17"]

1. Nf3 Nf6 2. g3 g6 3. Bg2 Bg7 4. O-O O-O 5. d3 d6 6. e4 c5 7. Nc3 Nc6 8. h3 Rb8 9. a4 a6 10. Be3 b5 11. axb5 axb5 12. Qd2 b4 13. Ne2 Re8 14. Bh6 Bh8 15. Ng5 e6 16. f4 Nh5 17. g4 Nf6 18. f5 Ne5 19. fxe6 fxe6 20. Ng3 Qe7 21. Kh1 Bg7 22. Bxg7 Qxg7 23. Nf3 Nxf3 24. Rxf3 Bb7 25. Ra7 Rf8 26. Qf2 Nd7 27. g5 Ne5 28. Rf4 Rxf4 29. Qxf4 Rf8 30. Qe3 Ra8 31. Rxa8+ Bxa8 32. Qf2 Bc6 33. Nf1 Qe7 34. h4 Nf7 35. Ne3 Ne5 36. Bh3 Qf7 37. Kg1 Bd7 38. Kg2 Qe7 39. Qf4 b3 40. Nc4 Nxc4 41. dxc4 bxc2 42. Qd2 Ba4 43. e5 dxe5 44. Qc3 Qd7 45. Qxe5 Bc6+ 46. Kg3 Qd3+ 47. Kh2 Qd2+ 48. Kg3 Qd3+ 49. Kh2 Bd7 50. Bxe6+ Bxe6 51. Qxe6+ Kf8 52. Qc8+ Ke7 53. Qxc5+ Ke6 54. Qc8+ Ke5 55. Qe8+ Kd4 0-1


[Site "https://www.chess.com"]

[Event "Titled Tuesday Blitz April 05 Late 2022"]
[White "Mikhailov, Viacheslav"]
[Black "Mkrtchyan, Mariam"]
[WhiteFideId "4187369"]
[BlackFideId "13310828"]
[WhiteElo "2381"]
[BlackElo "1984"]
[Result "1-0"]
[Round "04"]
[TimeControl "180+1"]
[Date "2022.04.05"]
[WhiteClock "0:00:03"]
[BlackClock "0:00:01"]

1. Nf3 Nf6 2. g3 d5 3. Bg2 c5 4. O-O Nc6 5. d4 cxd4 6. Nxd4 e5 7. Nxc6 bxc6 8. c4 Be7 9. Bg5 O-O 10. Bxf6 Bxf6 11. cxd5 cxd5 12. Nc3 Rb8 13. Nxd5 Rxb2 14. Qa4 Be6 15. Rad1 Rxe2 16. Qxa7 Qb8 17. Qa6 Rb2 18. a4 Bd8 19. h4 h6 20. Rc1 Bd7 21. Nc3 Bb6 22. Ne4 Bg4 23. Kh2 Be2 24. Rc4 Bxf1 25. Bxf1 f5 26. Nc3 Bxf2 27. Bg2 e4 28. Qg6 Rf6 29. Qh5 Qxg3+ 30. Kh1 Rf8 31. Rc7 Be3 32. Rxg7+ Kxg7 33. Ne2 1-0


[Site "https://www.chess.com"]

[Event "Titled Tuesday Blitz April 05 Late 2022"]
[White "Mikhalsky, Vladimir"]
[Black "Bernat, David"]
[WhiteFideId "14144352"]
[BlackFideId "2099225"]
[WhiteElo "2509"]
[BlackElo "2304"]
[Result "1-0"]
[Round "04"]
[TimeControl "180+1"]
[Date "2022.04.06"]
[WhiteClock "0:00:27"]
[BlackClock "0:00:31"]

1. e4 c5 2. Nf3 g6 3. c3 Nf6 4. e5 Nd5 5. d4 cxd4 6. cxd4 Nc6 7. Nc3 Nxc3 8. bxc3 d6 9. Bc4 dxe5 10. Qb3 e6 11. Nxe5 Nxe5 12. dxe5 Qb6 13. Bb5+ Bd7 14. Bxd7+ Kxd7 15. Qa4+ Qc6 16. Qd4+ Kc7 17. O-O Bc5 18. Qf4 Raf8 19. Rb1 g5 20. Qf6 Rhg8 21. Qh6 Rg6 22. Qxh7 Qe4 23. Rb5 Qxe5 24. Be3 b6 25. Bxc5 bxc5 26. Rfb1 Rg7 27. Qh3 Qd5 28. Qe3 Kc6 29. Ra5 f5 30. Ra6+ Kd7 31. Rxa7+ Kd6 32. Rb6+ 1-0


[Site "https://www.chess.com"]

[Event "Titled Tuesday Blitz April 05 Late 2022"]
[White "Moral Garcia, Serafin"]
[Black "Bas Mas, Jose Joaquin"]
[WhiteFideId "2201925"]
[BlackFideId "22219064"]
[WhiteElo "2518"]
[BlackElo "2311"]
[Result "1-0"]
[Round "04"]
[TimeControl "180+1"]
[Date "2022.04.06"]
[WhiteClock "0:00:27"]
[BlackClock "0:00:17"]

1. c4 e6 2. g3 f5 3. Bg2 Nf6 4. Nc3 Bb4 5. d3 Bxc3+ 6. bxc3 O-O 7. Rb1 c6 8. e3 d6 9. Ne2 e5 10. O-O Na6 11. Ba3 Re8 12. Qd2 Rb8 13. f4 Be6 14. fxe5 dxe5 15. c5 Bd5 16. Rxf5 Bxg2 17. Kxg2 Qd5+ 18. Kg1 Nxc5 19. Nf4 Qd7 20. Rxf6 gxf6 21. Nh5 Ne4 22. Qd1 Nxc3 23. Nxf6+ Kh8 24. Nxd7 Nxd1 25. Nxb8 Nxe3 26. Rxb7 Nd5 27. Nxc6 e4 28. Bb2+ Kg8 29. Rg7+ Kf8 30. Rxh7 exd3 31. Rh8+ Kf7 32. Rh7+ Ke6 33. Nd4+ Kd6 34. Nf3 Re2 35. Ba3+ Ke6 36. Nd4+ Ke5 37. Nxe2 d2 38. Rh5+ Ke6 39. Rxd5 Kxd5 40. Nc3+ Kc4 41. Nd1 Kd3 42. Kf2 Kc2 43. Ke2 Kb1 44. Kxd2 1-0


[Site "https://www.chess.com"]

[Event "Titled Tuesday Blitz April 05 Late 2022"]
[White "Morris-Suzuki, Sophie"]
[Black "Karttunen, Mika"]
[WhiteFideId "30922615"]
[BlackFideId "502081"]
[WhiteElo "2518"]
[BlackElo "2670"]
[Result "0-1"]
[Round "04"]
[TimeControl "180+1"]
[Date "2022.04.06"]
[WhiteClock "0:00:07"]
[BlackClock "0:00:14"]

1. d4 Nf6 2. c4 g6 3. Nc3 d5 4. cxd5 Nxd5 5. e4 Nxc3 6. bxc3 Bg7 7. Bc4 O-O 8. Ne2 c5 9. O-O Nc6 10. Be3 Na5 11. Bd3 c4 12. Bc2 e5 13. Qd2 f5 14. f4 exd4 15. cxd4 fxe4 16. Bxe4 Bf5 17. Ng3 Bxe4 18. Nxe4 Re8 19. Nf2 Qd5 20. Ng4 Nc6 21. Ne5 Rad8 22. Rad1 b5 23. Qe2 Qe4 24. Qf2 Nxe5 25. dxe5 c3 26. Bxa7 b4 27. Rde1 Qc4 28. Qc5 Qxa2 29. Rf2 Rd2 30. Ref1 b3 31. Qxc3 Rxf2 32. Bxf2 b2 33. Qc2 Rb8 34. Qb1 Qb3 35. Bd4 Bf8 36. Rf2 Qd5 37. Bxb2 Bc5 38. Qe1 Rxb2 39. h3 Bxf2+ 40. Qxf2 Rxf2 41. Kxf2 Qe4 42. Kg3 Kf7 43. Kg4 h5+ 44. Kg3 Qe3+ 45. Kh2 Qxf4+ 46. Kg1 Qxe5 47. h4 Qe2 48. g3 Ke6 49. g4 Ke5 50. g5 Kf4 51. Kh1 Kg3 52. Kg1 Qe1# 0-1


[Site "https://www.chess.com"]

[Event "Titled Tuesday Blitz April 05 Late 2022"]
[White "Moussard, Jules"]
[Black "Martinez Alcantara, Jose Eduardo"]
[WhiteFideId "642908"]
[BlackFideId "3805662"]
[WhiteElo "2589"]
[BlackElo "2690"]
[Result "1-0"]
[Round "04"]
[TimeControl "180+1"]
[Date "2022.04.05"]
[WhiteClock "0:01:01"]
[BlackClock "0:00:13"]

1. c4 c5 2. g3 Nc6 3. Bg2 g6 4. Nc3 Bg7 5. e3 d6 6. Nge2 e6 7. O-O Nge7 8. b3 O-O 9. Bb2 b6 10. d3 Rb8 11. Qd2 Bb7 12. Rad1 Qd7 13. Ne4 f5 14. Bxg7 Kxg7 15. Qb2+ Ne5 16. f4 fxe4 17. fxe5 Rxf1+ 18. Bxf1 Nf5 19. dxe4 Nxe3 20. Rxd6 Qf7 21. Nf4 Nxf1 22. Rxe6 Ne3 23. Qe2 Rd8 24. Qxe3 Rd1+ 25. Kf2 Qd7 26. Rd6 Rxd6 27. exd6 Qxd6 28. Nd5 Bxd5 29. exd5 Qf6+ 30. Kg2 Qb2+ 31. Kh3 Qb1 32. Qe5+ Kg8 33. Qb8+ Kg7 34. Qxa7+ Kh6 35. Qf7 g5 36. Qf6+ Qg6 37. Qxg6+ Kxg6 38. Kg4 b5 39. cxb5 h5+ 40. Kf3 Kf6 41. Ke4 Ke7 42. b6 Ke8 43. Ke5 h4 44. gxh4 1-0


[Site "https://www.chess.com"]

[Event "Titled Tuesday Blitz April 05 Late 2022"]
[White "Murzin, Volodar"]
[Black "Vusatiuk, Vladimir"]
[WhiteFideId "44155573"]
[BlackFideId "14118610"]
[WhiteElo "2585"]
[BlackElo "2157"]
[Result "1-0"]
[Round "04"]
[TimeControl "180+1"]
[Date "2022.04.05"]
[WhiteClock "0:00:03"]
[BlackClock "0:00:04"]

1. e4 c5 2. Nf3 Nc6 3. Bb5 g6 4. Bxc6 bxc6 5. O-O Bg7 6. c3 Nh6 7. d4 cxd4 8. cxd4 d5 9. e5 O-O 10. h3 f6 11. Re1 Nf7 12. Bf4 g5 13. Bg3 g4 14. hxg4 Bxg4 15. exf6 Bxf6 16. Nbd2 Kh8 17. Qc2 Rc8 18. Ne5 Nxe5 19. Bxe5 Qe8 20. Qc3 Qg6 21. Nf1 Rg8 22. Bxf6+ exf6 23. Re7 h5 24. Kh2 h4 25. Ne3 Bf5 26. Qe1 Be4 27. f3 Qg3+ 28. Qxg3 hxg3+ 29. Kh3 Bd3 30. Ng4 Rg6 31. Rh1 f5 32. Kxg3+ Kg8 33. Re3 Bc4 34. Rh6 Rg7 35. b3 Bb5 36. Ree6 fxg4 37. fxg4 Rf8 38. a4 Bd3 39. Rxc6 Bf5 40. Rh4 Be4 41. b4 Rb8 42. b5 Rf7 43. Rch6 Rbf8 44. Rd6 Rf2 45. Rh2 Rf1 46. Ra6 Rd1 47. Rxa7 Rd3+ 48. Kh4 Rxd4 49. Kg5 Bd3 50. Rh4 Be2 51. b6 Rff4 52. a5 Rxg4+ 53. Rxg4 Rxg4+ 54. Kf6 Rb4 55. g4 Bxg4 56. b7 1-0


[Site "https://www.chess.com"]

[Event "Titled Tuesday Blitz April 05 Late 2022"]
[White "Naroditsky, Daniel"]
[Black "Svane, Frederik"]
[WhiteFideId "2026961"]
[BlackFideId "12923044"]
[WhiteElo "2608"]
[BlackElo "2459"]
[Result "1-0"]
[Round "04"]
[TimeControl "180+1"]
[Date "2022.04.05"]
[WhiteClock "0:00:26"]
[BlackClock "0:00:12"]

1. d4 Nf6 2. Bf4 b6 3. e3 Bb7 4. Nf3 Nh5 5. Bg5 h6 6. Bh4 g5 7. Bg3 Nxg3 8. hxg3 Bg7 9. Bd3 d6 10. c3 Nd7 11. Nbd2 e6 12. e4 Qe7 13. Qe2 a6 14. a4 c5 15. Qe3 O-O 16. e5 cxd4 17. cxd4 dxe5 18. dxe5 Qc5 19. Qxc5 Nxc5 20. Be2 g4 21. Nh2 Bxg2 22. Rg1 Bh3 23. Bxg4 Bxg4 24. Nxg4 Nd3+ 25. Ke2 Nxe5 26. Nxe5 Bxe5 27. Nc4 Bd4 28. Rad1 Rfd8 29. Rh1 Kg7 30. Rh4 Bf6 31. Rg4+ Kf8 32. Nxb6 Rxd1 33. Kxd1 Rd8+ 34. Ke2 Bxb2 35. Rc4 Rd6 36. Rc8+ Kg7 37. Nc4 Rd4 38. Nxb2 Rb4 39. Rc2 a5 40. Kd3 Kf6 41. Kc3 Kf5 42. Rd2 h5 43. Rd4 Rb8 44. Rf4+ Kg6 45. Nc4 f6 46. Nxa5 1-0


[Site "https://www.chess.com"]

[Event "Titled Tuesday Blitz April 05 Late 2022"]
[White "Nasuta, Grzegorz"]
[Black "Mikhnenko, Alexander"]
[WhiteFideId "1141686"]
[BlackFideId "34143014"]
[WhiteElo "2630"]
[BlackElo "2407"]
[Result "1-0"]
[Round "04"]
[TimeControl "180+1"]
[Date "2022.04.06"]
[WhiteClock "0:01:20"]
[BlackClock "0:00:39"]

1. c3 Nf6 2. d4 g6 3. Bf4 Bg7 4. Nf3 O-O 5. h3 d6 6. e3 Nbd7 7. Be2 Qe8 8. O-O e5 9. Bh2 h6 10. a4 a5 11. Na3 Qe7 12. Nb5 Ne8 13. Qd2 c6 14. Na3 e4 15. Ne1 f5 16. Nec2 g5 17. Rae1 d5 18. c4 Ndf6 19. cxd5 Nxd5 20. Nc4 f4 21. exf4 gxf4 22. Bf3 Bf5 23. Bxe4 Bxe4 24. f3 Nd6 25. Nxd6 Qxd6 26. fxe4 Ne3 27. Qxe3 fxe3 28. Bxd6 Rxf1+ 29. Kxf1 Bf8 30. Bf4 1-0


[Site "https://www.chess.com"]

[Event "Titled Tuesday Blitz April 05 Late 2022"]
[White "Novikova, Galina"]
[Black "Hasangatin, Ramil"]
[WhiteFideId "4157095"]
[BlackFideId "4122160"]
[WhiteElo "2377"]
[BlackElo "2653"]
[Result "0-1"]
[Round "04"]
[TimeControl "180+1"]
[Date "2022.04.06"]
[WhiteClock "0:00:05"]
[BlackClock "0:00:38"]

1. e4 c5 2. Nf3 e6 3. b4 b6 4. bxc5 bxc5 5. c3 Nf6 6. e5 Nd5 7. d4 cxd4 8. cxd4 Bb4+ 9. Bd2 Qa5 10. Bd3 Ba6 11. Qc2 Bxd3 12. Qxd3 Qa6 13. Qxa6 Nxa6 14. O-O Rc8 15. a3 Be7 16. Rc1 Rxc1+ 17. Bxc1 O-O 18. Be3 Rc8 19. Nbd2 h6 20. Ne4 Rc2 21. h3 Nb8 22. a4 Nc6 23. Rc1 Ra2 24. Rc4 Bb4 25. Bd2 Rxa4 26. Bxb4 Rxb4 27. Rc1 Nxd4 28. Rc8+ Kh7 29. Nxd4 Rxd4 30. Nd6 Kg6 31. g3 a5 32. Ra8 a4 33. Kg2 Nb6 34. Ra7 Nc4 35. Nxc4 Rxc4 36. Rxd7 Rc1 37. Ra7 Ra1 38. g4 a3 39. Kg3 a2 40. Kg2 Kg5 41. Ra4 f5 42. f4+ Kg6 43. Ra6 Kf7 44. Ra7+ Ke8 45. Ra8+ Kd7 46. Ra7+ Kc6 47. Ra8 g6 48. Ra6+ Kd5 49. Ra5+ Ke4 50. Ra4+ Ke3 51. Ra3+ Kxf4 52. gxf5 gxf5 53. Ra5 h5 54. Kh2 h4 55. Kg2 Kg5 56. Kh2 f4 57. Ra8 Kf5 58. Ra5 f3 59. Ra3 f2 0-1


[Site "https://www.chess.com"]

[Event "Titled Tuesday Blitz April 05 Late 2022"]
[White "Onslow, Alfie"]
[Black "Urbina Perez, Juan Antonio"]
[WhiteFideId "436976"]
[BlackFideId "2217368"]
[WhiteElo "1884"]
[BlackElo "2192"]
[Result "0-1"]
[Round "04"]
[TimeControl "180+1"]
[Date "2022.04.06"]
[WhiteClock "0:00:03"]
[BlackClock "0:01:29"]

1. e4 c5 2. Nc3 Nc6 3. Bb5 Nd4 4. Nf3 g6 5. O-O Bg7 6. Bd3 d6 7. h3 Nf6 8. Nxd4 cxd4 9. Ne2 Nd7 10. c3 dxc3 11. bxc3 O-O 12. Bc2 b6 13. d4 Bb7 14. Be3 Rc8 15. Qd2 Nf6 16. f3 e5 17. d5 Ba6 18. Bd3 Bxd3 19. Qxd3 Nd7 20. c4 Qc7 21. Rfc1 h5 22. Nc3 Kh7 23. Nb5 Qb8 24. a4 Bh6 25. Bxh6 Kxh6 26. a5 Nc5 27. Qe3+ Kg7 28. axb6 axb6 29. Ra7 Rcd8 30. Rca1 Rd7 31. Qa3 Rxa7 32. Qxa7 Qd8 33. Qc7 Qg5 34. Qxd6 Qe3+ 35. Kh1 Nd3 36. Nc7 Nf2+ 37. Kh2 Qf4+ 38. Kg1 Nxh3+ 39. gxh3 Qg3+ 40. Kf1 Qxf3+ 41. Kg1 Qg3+ 42. Kh1 Qxh3+ 43. Kg1 Qg4+ 44. Kf2 Qf4+ 45. Ke2 Qxe4+ 46. Kd2 Qd4+ 47. Ke2 Qxa1 48. Qe7 Qb2+ 49. Ke3 Qc3+ 50. Kf2 Qd4+ 51. Kg2 Qe4+ 52. Kh2 Qf4+ 53. Kg1 Qc1+ 54. Kh2 Qc2+ 55. Kg1 Qd1+ 56. Kg2 Kg8 57. Qf6 Qe2+ 58. Kg1 Qe3+ 59. Kh1 Qe4+ 60. Kg1 Qxc4 61. Ne6 Qc1+ 62. Kg2 Qc2+ 63. Kh1 fxe6 64. Qxe6+ Kg7 65. Qe7+ Rf7 66. Qxe5+ Kh7 0-1


[Site "https://www.chess.com"]

[Event "Titled Tuesday Blitz April 05 Late 2022"]
[White "Ozdemir, Serhan Berat"]
[Black "Winkels, Marcel"]
[WhiteFideId "6374611"]
[BlackFideId "1003887"]
[WhiteElo "1920"]
[BlackElo "1900"]
[Result "0-1"]
[Round "04"]
[TimeControl "180+1"]
[Date "2022.04.06"]
[WhiteClock "0:00:02"]
[BlackClock "0:00:23"]

1. e4 c5 2. Nf3 d6 3. d4 cxd4 4. Nxd4 Nf6 5. Nc3 a6 6. f3 e5 7. Nb3 Be6 8. Be3 Nbd7 9. Qd2 h5 10. Bc4 Bxc4 11. Nd5 Bxd5 12. exd5 Nb6 13. Bg5 Nbxd5 14. c4 Nc7 15. O-O-O Ne6 16. h4 Be7 17. Be3 a5 18. Kb1 a4 19. Nc1 O-O 20. g4 a3 21. b3 Rc8 22. Rhg1 b5 23. cxb5 d5 24. gxh5 d4 25. Bh6 Nxh5 26. Nd3 Bf6 27. f4 e4 28. Ne5 e3 29. Qe2 Nexf4 30. Qg4 Bxe5 31. Bg5 Bf6 32. Bxf4 Nxf4 33. Qxf4 e2 34. Rd2 d3 35. h5 Re8 36. Qg3 Qd4 37. Rxd3 Qb2# 0-1


[Site "https://www.chess.com"]